Cogmind - Beta 12 *** ADVENTURER MODE // 2023.09.03 @ 11:38:30 Player: Toskin Result: Self-destructed Performance ------------- Evolutions (3) 1500 Regions Visited (5) 1000 Robots Destroyed (51) 255 Value Destroyed (1291) 1291 Prototype IDs (3) 60 Alien Tech Used (0) 0 Bonus (533) 533 TOTAL SCORE: 4639 Bonus ------- High Alert Combat Kills 33 Entered DSFs 500 Cogmind --------- Core Integrity 572/700 Matter 70/300 Energy 74/100 System Corruption 0% Temperature Cool (0) Movement Walking (130) Location -7/DSF Parts ------- > --- POWER (1) -------- (None) > --- PROPULSION (3) --- Titanium Leg > --- UTILITY (7) ------ Signal Interpreter Hacking Suite Hacking Suite Hacking Suite Hacking Suite > --- WEAPON (2) ------- (None) > --- INVENTORY (5) ---- Improved Hover Unit Relay Coupler [NC] (25) Peak State ------------ > --- POWER ------------ Light Nuclear Core > --- PROPULSION ------- Titanium Leg Titanium Leg > --- UTILITY ---------- Signal Interpreter Transport Network Coupler Energy Filter Hacking Suite Hacking Suite Hacking Suite Hacking Suite > --- WEAPON ----------- EM Pulse Cannon Improved Datajack > --- INVENTORY -------- Improved Hover Unit Improved VTOL Module Large Matter Pod ECM Suite Remote Datajack [Rating: 34] Favorites ----------- Power Light Nuclear Core Engine Light Ion Engine Power Core Light Nuclear Core Propulsion Compact Wheel Treads Advanced Treads Leg Titanium Leg Wheel Compact Wheel Hover Unit Improved Hover Unit Flight Unit Improved VTOL Module Utility ECM Suite Device ECM Suite Storage Medium Storage Unit Processor Signal Interpreter Hackware Hacking Suite Weapon Medium Laser Energy Gun Medium Laser Energy Cannon EM Pulse Cannon Ballistic Gun Light Assault Rifle Ballistic Cannon Assault Cannon Special Weapon Remote Datajack Special Melee Weapon Datajack Build | -11 -10 -9 -8 -7 -7 ------- Run | Jun Mat Mat Mat Fac DSF Slots Evolved 6 | . . 2 2 2 . Power . | . . . . . . Propulsion 1 | . . . . 1 . Utility 5 | . . 2 2 1 . Weapon . | . . . . . . Parts Attached 61 | 5 9 19 20 2 6 Power 10 | 1 1 4 3 . 1 Engine 6 | 1 1 4 . . . Core 4 | . . . 3 . 1 Reactor . | . . . . . . Propulsion 16 | 2 1 6 6 1 . Treads 3 | . . . 3 . . Leg 3 | . . 1 1 1 . Wheel 6 | 2 1 1 2 . . Hover 1 | . . 1 . . . Flight 3 | . . 3 . . . Utility 15 | . 3 4 3 1 4 Device 8 | . 2 3 2 1 . Storage 1 | . 1 . . . . Processor 2 | . . 1 1 . . Hackware 4 | . . . . . 4 Protection . | . . . . . . Artifact . | . . . . . . Weapon 20 | 2 4 5 8 . 1 Energy Gun 8 | 2 3 2 1 . . Energy Cannon 3 | . . 2 1 . . Ballistic Gun 3 | . . 1 2 . . Ballistic Cannon 3 | . . . 3 . . Launcher . | . . . . . . Special Weapon 1 | . . . . . 1 Impact Weapon . | . . . . . . Slashing Weapon . | . . . . . . Piercing Weapon . | . . . . . . Special Melee Weapon 2 | . 1 . 1 . . Unidentified Prototypes 3 | . . 2 1 . . Parts Lost 13 | . 2 4 4 . 3 Power 1 | . . . 1 . . Propulsion 3 | . . 2 1 . . Utility 2 | . . 1 . . 1 Weapon 7 | . 2 1 2 . 2 Highest Loss Streak 3 | . 1 1 3 . 3 To Critical Strikes . | . . . . . . Average Slot Usage (%) 92 | . 92 94 91 86 82 Engine 6 | . 14 11 . . . Core 3 | . . . 8 7 5 Treads 3 | . . . 9 . . Leg 1 | . . 1 . 10 12 Wheel 10 | . 27 12 . . . Flight 1 | . . 4 . . . Device 26 | . 9 24 35 37 13 Storage 4 | . 12 6 . . . Processor 11 | . . 10 18 15 12 Energy Gun 13 | . 20 20 4 . . Energy Cannon 1 | . . . 1 7 6 Ballistic Gun 1 | . . . 4 . . Ballistic Cannon 2 | . . . 7 . . Special Melee Weapon 1 | . 6 . . 7 5 Naked Turns . | . . . . . . Heaviest Build 26 | 7 19 26 25 20 20 Greatest Support 50 | 32 32 32 50 34 34 Greatest Overweight (x) 4 | . . 1 4 1 . Average Overweight (x) . | . . . . . . Largest Inventory Capacity 10 | 5 10 10 5 5 5 Average Capacity 6 | 5 9 8 5 5 5 Most Carried 8 | 2 6 8 5 5 5 Average Carried 4 | 1 4 4 4 4 3 Final Capacity 10 | 5 10 5 5 5 5 Final Carried 6 | 1 6 5 4 4 2 Class Distribution -------------------- 82% | Mutant 17% | Scavenger-Mutant Dominant Class ---------------- Mutant | -10/Materials Mutant | -9/Materials Mutant | -8/Materials Mutant | -7/Factory Mutant | -7/DSF Resources | -11 -10 -9 -8 -7 -7 ----------- Run | Jun Mat Mat Mat Fac DSF Matter Collected 1068 | 39 303 296 430 . . Remotely . | . . . . . . Salvage Created 1545 | . 347 621 577 . . Parts 89 | . 22 37 30 . . Haulers Intercepted 2 | . 1 1 . . . Recyclers Shooed . | . . . . . . Parts Field Recycled . | . . . . . . Retrieved Matter . | . . . . . . Parts Self-Destructed . | . . . . . . Prevented . | . . . . . . Kills | -11 -10 -9 -8 -7 -7 ------- Run | Jun Mat Mat Mat Fac DSF Combat Hostiles Destroyed 43 | . 10 15 18 . . Guns 23 | . 6 14 3 . . Cannons 14 | . . . 14 . . AOE 4 | . 3 . 1 . . Classes Destroyed 9 | . 4 2 3 . . Worker 1 | . . . 1 . . Hauler 2 | . 1 1 . . . Recycler 2 | . . . 2 . . Watcher 3 | . 1 2 . . . Swarmer 19 | . 6 7 6 . . Grunt 17 | . 4 5 8 . . Brawler 1 | . . 1 . . . Duelist 1 | . . . 1 . . Sentry 5 | . . 2 3 . . Best Kill Streak 10 | . 5 4 10 . . Combat Bots Only 7 | . 5 4 7 . . Max Kills in Single Turn 4 | . 3 1 4 . . Gunslinging . | . . . . . . Exploded 3 | . 3 . 1 . . Melee . | . . . . . . Uniques/NPCs Destroyed . | . . . . . . Combat | -11 -10 -9 -8 -7 -7 -------- Run | Jun Mat Mat Mat Fac DSF Damage Taken 2384 | . 323 428 1122 . 511 Core 626 | . 117 106 275 . 128 Absorbed by Shields . | . . . . . . Regen/Repaired (Parts) 179 | . 72 . 107 . . Core Remaining (%) 69 | 100 53 73 50 . . Volleys Fired 120 | . 26 36 54 . 4 Largest 2 | . 2 2 2 . 1 Hottest 126 | . 100 100 126 . 63 Shots Fired 200 | . 41 72 83 . 4 Gun 129 | . 41 72 16 . . Cannon 69 | . . . 67 . 2 Launcher . | . . . . . . Special 2 | . . . . . 2 Kinetic 59 | . . 1 58 . . Thermal 103 | . 39 48 16 . . Explosive . | . . . . . . Electromagnetic 36 | . 2 23 9 . 2 Robot Hit Streak 22 | . 9 17 18 . 22 Robot Miss Streak 3 | . 3 3 2 . . Penetration Max . | . . . . . . Secondary Targets 2 | . . 2 . . . Max Gunslinging Chain 1 | . . 1 . . . Shots Hit Robots 175 | . 43 57 67 . 8 Core Hits 71 | . 17 26 28 . . Critical Kills . | . . . . . . Critical Parts Destroyed . | . . . . . . Critical Strikes 8 | . 1 2 5 . . Burn 6 | . 1 2 3 . . Blast 2 | . . . 2 . . Melee Attacks 19 | . 13 . . . 6 Impact . | . . . . . . Slashing . | . . . . . . Piercing . | . . . . . . Sneak Attacks 11 | . 10 . . . 1 Combat Hostiles 1 | . . . . . 1 Follow-up Attacks . | . . . . . . Damage Inflicted 3365 | . 480 803 2036 . 46 Guns 1367 | . 383 745 239 . . Cannons 1293 | . . . 1247 . 46 Explosions 705 | . 97 58 550 . . Melee . | . . . . . . Ramming . | . . . . . . Kinetic 1043 | . . . 1043 . . Thermal 1800 | . 470 541 789 . . Explosive . | . . . . . . Electromagnetic 522 | . 10 262 204 . 46 Impact . | . . . . . . Slashing . | . . . . . . Piercing . | . . . . . . Highest Corruption 3 | . . . 3 . . Average Corruption 3 | . . . 3 . . Corruption Purged . | . . . . . . Corruption Blocked . | . . . . . . Effects 26 | . . . 26 . . Message Errors 7 | . . . 7 . . Matter Fused 6 | . . . 6 . . Heat Flow Errors 4 | . . . 4 . . Energy Discharges 2 | . . . 2 . . Parts Fused 2 | . . . 2 . . Data Loss (minor) 4 | . . . 4 . . Data Loss (major) 1 | . . . 1 . . Overload Shots . | . . . . . . Overflow Damage 177 | . 6 . 171 . . Projectiles 43 | . . . 43 . . Explosions 134 | . 6 . 128 . . Melee . | . . . . . . Knockbacks 6 | . . . 6 . . Impact . | . . . . . . Kinetic 6 | . . . 6 . . Secondary . | . . . . . . Self-Inflicted Damage 59 | . 28 31 . . . Shots 2 | . 1 1 . . . Rammed . | . . . . . . Targets Rammed . | . . . . . . Kicked . | . . . . . . Crushed . | . . . . . . Highest Temperature 261 | . 238 186 261 . . Average Temperature 66 | . 87 61 61 . . Received Heat Transfer 939 | . 147 171 594 . 27 Siege Activations . | . . . . . . Robots Corrupted 1 | . . 1 . . . Combat Hostiles 1 | . . 1 . . . Parts Fried 1 | . . . 1 . . Impact Corruptions . | . . . . . . Robots Melted 1 | . 1 . . . . Combat Hostiles 1 | . 1 . . . . Parts Melted 14 | . 7 5 2 . . Heat Transferred 4139 | . 1284 1691 1164 . . Parts Sabotaged . | . . . . . . Parts Stolen . | . . . . . . Parts Stripped . | . . . . . . Power Chain Reactions 2 | . 1 1 . . . Missiles Intercepted . | . . . . . . Alert | -11 -10 -9 -8 -7 -7 ------- Run | Jun Mat Mat Mat Fac DSF Peak Influence 502 | . 232 145 502 4 36 Initial 52 | . . 13 52 . 1 Average 134 | . 109 66 227 . 11 Maximum Alert Level 2 | . 1 . 2 . . Low Security (%) 70 | 100 72 100 38 100 100 Level 1 24 | . 27 . 48 . . Level 2 5 | . . . 12 . . Level 3 . | . . . . . . Level 4 . | . . . . . . Level 5 . | . . . . . . High Security . | . . . . . . Max Security . | . . . . . . Squads Dispatched 7 | . . 1 5 . 1 Investigation 1 | . . . 1 . . Extermination . | . . . . . . Reinforcement 3 | . . 1 1 . 1 Assault . | . . . . . . Garrison 3 | . . . 3 . . Intercept . | . . . . . . Searches Triggered . | . . . . . . Construction Impeded . | . . . . . . Haulers Reinforced . | . . . . . . Active Scanning Responses . | . . . . . . Cargo Convoy Interrupts . | . . . . . . Stealth | -11 -10 -9 -8 -7 -7 --------- Run | Jun Mat Mat Mat Fac DSF Distress Signals 4 | . . 4 . . . Communications Jammed . | . . . . . . Distress Signals . | . . . . . . Times Spotted 85 | . 18 27 33 . 7 Peak Tracking Total 8 | . 5 5 8 . 5 Tactical Retreats 18 | . 2 8 6 . 2 Traps | -11 -10 -9 -8 -7 -7 ------- Run | Jun Mat Mat Mat Fac DSF Traps Triggered 2 | . . 1 1 . . Indirectly . | . . . . . . Trap Hack Attempts . | . . . . . . Triggered . | . . . . . . Disarmed . | . . . . . . Reprogrammed . | . . . . . . Reused . | . . . . . . Traps Extracted . | . . . . . . Installed . | . . . . . . Triggered 1 | . . . . . 1 Machines | -11 -10 -9 -8 -7 -7 ---------- Run | Jun Mat Mat Mat Fac DSF Machines Disabled 3 | . . . 3 . . Max in Single Turn 2 | . . . 2 . . Machines Repaired . | . . . . . . Machines Sabotaged . | . . . . . . Overloaded Fab Kills . | . . . . . . Hacking | -11 -10 -9 -8 -7 -7 --------- Run | Jun Mat Mat Mat Fac DSF Machines Accessed 17 | . 4 7 5 1 . Terminals 13 | . 3 5 4 1 . Fabricators . | . . . . . . Repair Stations 3 | . 1 1 1 . . Recycling Units . | . . . . . . Scanalyzers 1 | . . 1 . . . Garrison Access . | . . . . . . Total Hacks 51 | . 12 22 16 1 . Successful 29 | . 8 15 5 1 . Failed 21 | . 3 7 11 . . Catastrophic 2 | . . . 2 . . Database Lockouts 1 | . 1 . . . . Manual 33 | . 10 11 12 . . Terminals 34 | . 8 13 12 1 . Fabricators . | . . . . . . Repair Stations 9 | . 4 1 4 . . Recycling Units . | . . . . . . Scanalyzers 8 | . . 8 . . . Garrison Access . | . . . . . . Terminal Hacks 15 | . 4 7 3 1 . Record 3 | . 1 2 . . . Part Schematic 6 | . 2 3 1 . . Open DSF 1 | . . . . 1 . Terminal Index 2 | . . 1 1 . . Fabricator Index 2 | . 1 1 . . . Unreport Threat 1 | . . . 1 . . Fabricator Hacks . | . . . . . . Repair Station Hacks 6 | . 4 . 2 . . Scan Component 3 | . 2 . 1 . . Repair 3 | . 2 . 1 . . Recycling Unit Hacks . | . . . . . . Scanalyzer 8 | . . 8 . . . Insert Component 4 | . . 4 . . . Analyze 4 | . . 4 . . . Garrison Access Hacks . | . . . . . . Unauthorized Hacks . | . . . . . . Terminals . | . . . . . . Fabricators . | . . . . . . Repair Stations . | . . . . . . Recycling Units . | . . . . . . Scanalyzers . | . . . . . . Garrison Access . | . . . . . . Data Cores Recovered . | . . . . . . Used . | . . . . . . Hacking Detections 14 | . 3 6 5 . . Full Trace Events . | . . . . . . Feedback Events . | . . . . . . Feedback Blocked . | . . . . . . Robot Schematics Acquired . | . . . . . . Robots Built . | . . . . . . Authchips . | . . . . . . Time . | . . . . . . Total Robot Build Rating . | . . . . . . Part Schematics Acquired 9 | . 2 6 1 . . Parts Built . | . . . . . . Authchips . | . . . . . . Time . | . . . . . . Total Part Build Rating . | . . . . . . Parts Repaired 3 | . 2 . 1 . . Time 90 | . 52 . 38 . . Parts Recycled . | . . . . . . Recycled Matter . | . . . . . . Retrieved Matter . | . . . . . . Retrieved Components . | . . . . . . Parts Scanalyzed 4 | . . 4 . . . Part Schematics Acquired 4 | . . 4 . . . Parts Damaged . | . . . . . . Bothacking | -11 -10 -9 -8 -7 -7 ------------ Run | Jun Mat Mat Mat Fac DSF Used RIF Installer . | . . . . . . Robots Hacked 7 | . 5 . . . 2 Non-combat 3 | . 3 . . . . Combat 4 | . 2 . . . 2 Robot Hacks Applied 10 | . 6 . . . 4 parse_system 7 | . 3 . . . 4 no_distress 3 | . 3 . . . . Relay Couplers Released . | . . . . . . Fabnet Peak Effective % . | . . . . . . Robots Rewired . | . . . . . . Allies Hacked . | . . . . . . Hacks Repelled . | . . . . . . Allies | -11 -10 -9 -8 -7 -7 -------- Run | Jun Mat Mat Mat Fac DSF Total Allies . | . . . . . . Largest Group . | . . . . . . Highest-Rated Group . | . . . . . . Highest-Rated Ally . | . . . . . . Total Orders . | . . . . . . Ally Attacks . | . . . . . . Total Damage . | . . . . . . Kills . | . . . . . . Allies Corrupted . | . . . . . . Allies Melted . | . . . . . . Intel | -11 -10 -9 -8 -7 -7 ------- Run | Jun Mat Mat Mat Fac DSF Robot Analysis Total . | . . . . . . Derelict Logs Recovered . | . . . . . . Drone Launches . | . . . . . . Drone Recoveries . | . . . . . . Exploration | -11 -10 -9 -8 -7 -7 ------------- Run | Jun Mat Mat Mat Fac DSF Turns Passed 4265 | 37 851 1489 1673 108 107 Spaces Moved 1816 | 29 520 697 451 68 51 Core 59 | 6 . 2 51 . . Treads 312 | . . . 312 . . Legs 269 | . . 96 54 68 51 Wheels 1174 | 23 520 597 34 . . Hover . | . . . . . . Flight 2 | . . 2 . . . Fastest Speed 50 | 50 100 100 105 130 130 Average Speed 123 | 89 100 118 154 154 130 Slowest Speed 250 | 100 100 190 250 200 130 Overloaded Moves . | . . . . . . Propulsion Burnouts . | . . . . . . Robots Hopped . | . . . . . . Cave-ins Triggered . | . . . . . . Exploration Rate (%) 34 | 3 74 44 36 4 48 Regions Visited 5 Branch Regions . Pre-discovered Areas . | . . . . . . Known Exits Taken 2 | . . 1 . 1 . Unknown Exits Taken 3 | 1 1 . 1 . . Scrap Searched . | . . . . . . Spaces Dug . | . . . . . . Terrain Destroyed 35 | . 2 3 30 . . Melee . | . . . . . . Projectile 9 | . . . 9 . . AOE 26 | . 2 3 21 . . Terrain Rammed . | . . . . . . Walls Destroyed . | . . . . . . Machines Disabled . | . . . . . . Actions | -11 -10 -9 -8 -7 -7 --------- Run | Jun Mat Mat Mat Fac DSF Total 3639 | 39 803 1290 1346 71 90 Wait 1534 | . 219 515 799 . 1 Move 1811 | 28 519 696 450 67 51 Hop . | . . . . . . Pick Up 57 | 6 14 12 12 2 11 Fast Attach 10 | . . 5 5 . . Attach 38 | 5 6 7 9 2 9 Detach . | . . . . . . Swap 18 | . 3 7 6 . 2 Drop 32 | . 3 12 11 . 6 Fire 120 | . 26 36 54 . 4 Melee 19 | . 13 . . . 6 Ram . | . . . . . . Kick . | . . . . . . Crush . | . . . . . . Escape Stasis . | . . . . . . Rewire . | . . . . . . Trap . | . . . . . . Miscellaneous . | . . . . . . Route ------- -11/Junkyard -10/Materials (discovered 3 exits: *Mat x2 / [*Min]) -9/Materials -8/Materials (discovered 2 exits: *Fac / [*Sto]) -7/Factory -7/DSF (discovered 1 exit: [*Fac]) History --------- Turn | Location | Event 11 | -11/Junkyard | Discovered new exit (range 15) 38 | -11/Junkyard | Entered Materials 273 | -10/Materials | Central database locked down 305 | -10/Materials | Build established: Mutant 536 | -10/Materials | Discovered new exit (range 8) 559 | -10/Materials | Discovered new exit (range 10) 699 | -10/Materials | Repaired Com. Wheel 727 | -10/Materials | Repaired Med. Laser 882 | -10/Materials | Discovered new exit (range 5) 889 | -10/Materials | Entered another Materials area 889 | -9/Materials | Evolved 2 slots: Utility x2 2037 | -9/Materials | Discovered new exit (range 16) 2376 | -9/Materials | Identified exit to Materials 2378 | -9/Materials | Entered another Materials area 2378 | -8/Materials | Evolved 2 slots: Utility x2 2457 | -8/Materials | Garrison activated, responded to threat 2555 | -8/Materials | Destroyed 7 combat bots 2682 | -8/Materials | Repaired Adv. Treads 2752 | -8/Materials | Discovered new exit (range 6) 3221 | -8/Materials | Lost 3 parts (1p2w) 3589 | -8/Materials | Build established: Scavenger-Mutant 4018 | -8/Materials | Discovered new exit (range 15) 4051 | -8/Materials | Entered Factory 4051 | -7/Factory | Evolved 2 slots: Propulsion x1, Utility x1 4157 | -7/Factory | Identified exit to DSF 4159 | -7/Factory | Entered DSF 4195 | -7/DSF | Discovered new exit (range 13) 4210 | -7/DSF | Additional patrols routed to DSF 4266 | -7/DSF | Self-destructed Last Messages --------------- Reading system data... 04236_ Lgt. Nuclear Core severed. 04239_ Acquired Relay Coupler [Sentry]. 04240_ Relay Coupler [Sentry] fries itself. 04243_ Acquired Relay Coupler [Sentry]. 04244_ Relay Coupler [Hunter] fries itself. 04245_ Relay Coupler [Sentry] fries itself. 04246_ Jacked C-17 Slicer... 04248_ Energy Filter destroyed. 04253_ EM Pulse Cannon destroyed. 04255_ Remote Datajack severed. 04256_ Acquired Lgt. Nuclear Core. 04262_ Lgt. Nuclear Core severed. 04263_ C-17 Slicer system corruption misinterpreted. 04263_ C-17 Slicer triggered Alarm Trap. 04263_ An alarm sounds. 04263_ Slug penetrates Matter Repository. 04266_ C-30 ARC bursts open, deploying its payload. 04266_ H-55 Commando unfolds itself. 04266_ Slug penetrates Wall. Map ----- +----------------------------------------------------+ | ???????????????????????????????????? | | ???????????????????????????????????? | | ???????????????????????????????????? | | ???????????????????????????????????? | | ???????????????????????????????????? | | ???????????????????????????????????? | | ???????????????????????????????????? | | ???????????????????????????????????? | | ???????????????????????????????????? | | ???????????????????????????????????? | | ???????????????????????????????????? | | ???????????????????????????????????? | | ???????????????????????????????????? | | ???????????????????????????????????? | | ???????????????????????????????????? | | ???????????????????????????????????? | | ???????????????????????????????????? | | ???????????????????????????????????? | | ??????????????????###??######??????? | | ??????????????????#!!!?# !!#??????? | | ??????????????????#!!!## !!#??????? | | ???????????????????? #??????? | | ??????????H?????????? #??????? | | ???????? ?????????? #??????? | | ???????? ??????????#x #??????? | | ????????# #??????????# @ #??????? | | ???????## ##???????### c###??????? | | ???????!! !!???????# c!#???????? | | ????????! !????????# c!#???????? | | ????????! !????????# !#???????? | | ??????### ###??????### ##???????? | | ??????# ==#??????#!! | #???????? | | ??????# ==#??????#!= #???????? | | ####### =="######### ##???????? | | **#***#?# #?# #!!### ###??????? | | **#***### ### #! ## ""###????? | | """""????? | | ! =! h<""##"????? | | **#***#! !!#! !# !##"""""#??????? | | #######! %!!#########"""""#??????? | | ??????#########???????##"####??????? | | ???????????????????????#"#?????????? | | ????????????????????????""?????????? | | ???????????????????????????????????? | | ???????????????????????????????????? | | ???????????????????????????????????? | | ???????????????????????????????????? | | ???????????????????????????????????? | | | | | +----------------------------------------------------+ Best States ------------- Heat Dissipation 34 Energy Generation 14 Energy Capacity 265 Matter Stores 300 Matter Capacity 300 Sight Range 16 Robot Scan Range 14 Terrain Scan Range 14 Terrain Scan Density 10 ECM Strength 1 Additional Mass Support 6 Resistance: KI 20 Resistance: TH 20 Resistance: EX 20 Resistance: EM 20 Resistance: I 20 Resistance: S 20 Resistance: P 20 Evasion (%) 55 Recoil Reduction 2 Energy Filtering 30 Offensive Hacking 50 Item Schematics ----------------- Transport Network Coupler | -10/Materials | Hacked Datajack | -10/Materials | Hacked Trap Extractor | -9/Materials | Scanalyzed Terrain Scanner | -9/Materials | Scanalyzed Lrg. Matter Pod | -9/Materials | Scanalyzed Flight Unit | -9/Materials | Scanalyzed Sensor Array | -9/Materials | Hacked Hover Unit | -9/Materials | Hacked Hacking Suite | -8/Materials | Hacked Robot Schematics ------------------ None Fabricated ------------ Nothing Alien Tech Used ----------------- None Achievements -------------- None Challenges ------------ None Game ------ Seed PointGuidanceDoomcannon Manual? 0 Play Time 00:45:07 Cumulative 4.4 hours Start 2023.09.03 @ 10:57:32 End 2023.09.03 @ 11:38:30 Sessions 1 Manual Loads 0 Difficulty Adventurer Special Mode None Game No. 12 Rogue 5 Adventurer 7 Explorer 0 Win Type - Total 0 Types 0/0/0/0/0/0/0/0/0 Lore% 7 Gallery% 16 Achievement% 14 Wizard Run 0 Options --------- ASCII 0 Keyboard 0 Movement Numpad Keybinds 0 Fullscreen 1 Font 18/SmallcapsGlow Map View 76x50 Tactical HUD 1 Map Filters NONE Filters NONE Steam 1 RUN: 4f8a39a8-d7e8-4a90-a75f-9f88848ab7ab